 Dungeon Crawl Stone Soup version 0.32-a0-898-g7811c86cf0 (webtiles) character file.

Game seed: 2559885442743871939

19497 KennySheep the Unseen (level 12, -2/103 HPs)
             Began as an Armataur Warper on Apr 5, 2024.
             Was an Elder of Jiyva.
             Killed by divine providence
             ... invoked by a sphinx
              (17 damage)
             ... on level 12 of the Dungeon.
             The game lasted 00:49:24 (8941 turns).

KennySheep the Unseen (Armataur Warper)             Turns: 8941, Time: 00:49:24

Health: -2/103     AC:  5    Str: 18    XL:     12   Next: 37%
Magic:  14/14      EV:  9    Int: 14    God:    Jiyva [****..]
Gold:   433        SH:  0    Dex: 13    Spells: 11/14 levels left

rFire   . . .        w - +5 dagger (venom)
rCold   . . .        (no shield)
rNeg    + . .        n - +0 troll leather armour
rPois   .            y - +1 helmet
rElec   .            s - +0 cloak {Will+}
rCorr   +            B - +0 pair of gloves
SInv    +            (no barding)
Will    +....        g - amulet of regeneration
Stlth   ++++++       v - ring of see invisible
HPRegen 3.25/turn    z - ring of positive energy
MPRegen 0.78/turn

%: clarity, roll
@: corroded
A: large, deformed body, tough skin 3, armoured tail, rollpage 2, hooves 1,
stinger 2, clarity, screaming 1, eyeballs 3, MP-powered wands
a: Renounce Religion, Oozemancy, Slimify


You were on level 12 of the Dungeon.
You worshipped Jiyva.
Jiyva was greatly pleased with you.
You visited 2 branches of the dungeon, and saw 13 of its levels.

You collected 521 gold pieces.
You spent 88 gold pieces at shops.

Inventory:

Hand Weapons
 b - the +8 long sword of Conflict {protect, rN+++}
   (You took it off a kobold on level 2 of the Dungeon)

   rN+++:     It renders you almost immune to negative energy.
 q - a +2 dagger of electrocution
 w - a +5 dagger of venom (weapon)
Missiles
 d - 7 darts of dispersal (quivered)
 i - 3 javelins
 j - 8 poisoned darts
 I - 7 silver javelins
Armour
 m - a +0 leather armour
 n - a +0 troll leather armour (worn)
 s - a +0 cloak of willpower (worn)
 y - a +1 helmet (worn)
 B - a +0 pair of gloves (worn)
Jewellery
 g - an amulet of regeneration (around neck)
 v - a ring of see invisible (left hand)
 z - a ring of positive energy (right hand)
Wands
 a - a wand of flame (31)
 t - a wand of roots (17)
 x - a wand of polymorph (10)
 A - a wand of charming (16)
 F - a wand of mindburst (7)
Scrolls
 c - 2 scrolls of blinking
 f - a scroll of silence
 o - 2 scrolls of enchant armour
 p - 4 scrolls of teleportation
Potions
 e - a potion of lignification
 h - a potion of enlightenment {unknown}
 k - a potion of cancellation
 r - 3 potions of curing
 u - a potion of berserk rage {unknown}
 C - a potion of magic {unknown}
 D - 2 potions of haste
 G - a potion of invisibility {unknown}
 H - 2 potions of resistance {unknown}
 J - a potion of mutation


   Skills:
 + Level 8.6 Fighting
 + Level 11.6 Short Blades
 - Level 0.8 Throwing
 + Level 4.2 Armour
 + Level 3.0 Dodging
 * Level 15.1 Stealth
 - Level 1.7 Spellcasting
 - Level 3.0 Translocations


You had 11 spell levels left.
You knew the following spells:

 Your Spells              Type           Power      Damage    Failure   Level
a - Blink                 Tloc           18%        N/A       13%         2
b - Apportation           Tloc           18%        N/A       9%          1

Your spell library contained the following spells:

 Spells                   Type           Power      Damage    Failure   Level
 Lesser Beckoning         Tloc           18%        N/A       13%         2
 Maxwell's Portable Pile  Tloc           9%         2d(6-16)  26%         3
 Teleport Other           Tloc           9%         N/A       26%         3
 Necrotise                Necr           4%         1d4       28%         1
 Sting                    Conj/Alch      4%         1d3       28%         1
 Summon Small Mammal      Summ           4%         N/A       28%         1
 Vhi's Electric Charge    Tloc/Air       10%        N/A       83%         4


Dungeon Overview and Level Annotations

Branches:
Dungeon (12/15)            Temple (1/1) D:4            Lair (0/5) D:10
    Orc (0/2) D:12

Altars:
Ashenzari
Cheibriados
Dithmenos
Elyvilon
Fedhas
Gozag
Hepliaklqana
Kikubaaqudgha
Makhleb
Nemelex Xobeh
Okawaru
Qazlal
Ru
Sif Muna
Trog
Uskayaw
Vehumet
Wu Jian
Xom
Yredelemnul
Zin
The Shining One
Jiyva

Shops:
D:2 !

Annotations:
D:12 2 runed translucent doors


Innate Abilities, Weirdness & Mutations

Armour fits poorly on your strangely shaped body.
You have extremely tough skin. (AC +3)
You have a long armoured tail.
You regenerate magic and health when rolling toward enemies. (Rampage Regen)
You have large cloven feet.
Your tail ends in a sharp venomous barb.
You possess an exceptional clarity of mind.
You occasionally shout uncontrollably at your foes.
Your body is covered in eyes which may confuse attackers. (Acc +7, SInv)
You expend magic power (3 MP) to strengthen your wands.


Message History

You destroy the vampire mosquito!
Your Dodging skill increases to level 3!
The sphinx seems to regain its courage.
There is an open door, spattered with blood here.
You see here a +0 long sword.
You start resting.
A sphinx is nearby!
You hit the sphinx but do no damage. Your kick misses the sphinx.
The sphinx is heavily wounded.
You hit the sphinx but do no damage.
The sphinx looks as sick as possible!
You kick the sphinx, but do no damage.
The sphinx is heavily wounded.
The sphinx casts a spell.
Something smites you!
You hit the sphinx. You kick the sphinx, but do no damage.
The sphinx is heavily wounded.
The sphinx casts a spell.
You resist with some effort.
You completely miss the sphinx.
The sphinx is heavily wounded.
You hit the sphinx.
The sphinx looks as sick as possible!
The sphinx is heavily wounded.
The sphinx hits you!!
* * * LOW HITPOINT WARNING * * *
The sphinx hits you but does no damage. x2
You hit the sphinx but do no damage. You kick the sphinx, but do no damage.
You tail-slap the sphinx!
The sphinx is severely wounded.
You hit the sphinx but do no damage.
The sphinx looks as sick as possible!
The sphinx is severely wounded.
The sphinx hits you!
* * * LOW HITPOINT WARNING * * *
The sphinx closely misses you. The sphinx hits you.
* * * LOW HITPOINT WARNING * * *
You completely miss the sphinx. You kick the sphinx.
The sphinx is severely wounded.
The sphinx casts a spell.
Something smites you!
You die...
Jiyva sends a jelly to digest your remains.

..................#
.............##.###
.............#..############
............##.#.....#.....##
............................##
..#.##...##..................#
....##..)###.................#
#.####>..# #...............).#
#..<.#...# #....@............#
####.....# ##..H##############
##....# ####)(.## ##...#
#)..)# #...# #....## #...#
##.).## #...# ####H...# #####
##.....# ....(#


You could see a sphinx (extremely poisoned).

Vanquished Creatures
  Josephine (D:11)
  A hydra (D:12)
  2 boulder beetles
  3 two-headed ogres
  Urug (D:12)
  A thermic dynamo (D:12)
  2 ugly things
  A deep elf pyromancer (D:12)
  A deep elf zephyrmancer (D:12)
  A cyclops (D:12)
  Maurice (D:7)
  An elephant (D:10)
  3 gargoyles
  An unseen horror (D:12)
  A komodo dragon (D:10)
  5 trolls
  3 vampires
  Sigmund (D:3)
  A shadow (D:11)
  6 wraiths
  14 yaks
  4 wyverns
  A human (D:12)
  Grum (D:8)
  A warg (D:12)
  6 vampire mosquitoes
  An acid dragon (D:9)
  6 orc warriors
  A sky beast (D:7)
  2 ice beasts
  2 black bears
  An ogre (D:6)
  3 wolves (D:8)
  6 centaurs
  5 bullfrogs
  3 kobold brigands
  4 gnoll sergeants
  3 scorpions
  2 howler monkeys (D:9)
  3 electric eels (D:9)
  A bombardier beetle (D:4)
  3 hounds
  11 orc priests
  A gnoll bouda (D:9)
  4 sleepcaps
  3 iguanas
  10 orc wizards
  Robin (D:3)
  14 gnolls
  A shadow imp (D:7)
  A white imp (D:5)
  2 ufetubi (D:7)
  A ribbon worm (D:2)
  30 orcs
  3 ball pythons
  4 endoplasms
  4 giant cockroaches
  20 goblins
  9 hobgoblins
  9 jackals
  12 kobolds
  4 quokkas
  2 bats
  4 frilled lizards
  3 rats
263 creatures vanquished.

Vanquished Creatures (others)
  A shadow (D:10)
  A yak (D:9)
  3 centaurs
  2 bullfrogs
  3 scorpions
  25 jellies
  A sleepcap (D:3)
  An orc wizard (D:9)
  An adder (D:3)
  A dart slug (D:3)
  A ribbon worm (D:3)
  5 orcs
  A bat (D:3)
  A goblin (D:3)
  2 hobgoblins
  A ball python (D:4)
  2 kobolds
  A rat (D:3)
53 creatures vanquished.

Grand Total: 316 creatures vanquished

Notes
Turn   | Place    | Note
-------+----------+-------------------------------------------
     0 | D:1      | KennySheep the Armataur Warper began the quest for the Orb.
     0 | D:1      | Reached XP level 1. HP: 17/17 MP: 3/3
   235 | D:1      | Reached skill level 1 in Stealth
   243 | D:1      | Reached XP level 2. HP: 24/24 MP: 4/4
  1046 | D:2      | Identified the +8 long sword of Conflict {protect, rN+++}
  1070 | D:2      | Reached XP level 3. HP: 9/29 MP: 5/5
  1072 | D:2      | Reached skill level 2 in Stealth
  1205 | D:2      | Reached XP level 4. HP: 28/37 MP: 6/6
  1335 | D:2      | Found a sacrificial altar of Ru.
  1390 | D:2      | Found Yshrat's Distillery.
  1400 | D:2      | Bought a potion of curing for 33 gold pieces
  1400 | D:2      | Bought a potion of heal wounds for 55 gold pieces
  1699 | D:3      | Found a faded altar of an unknown god.
  1707 | D:3      | Prayed at the altar of an unknown god.
  1707 | D:3      | Became a worshipper of Jiyva Jaagryt the Shapeless
  1707 | D:3      | Reached * piety under Jiyva
  1854 | D:3      | Noticed Sigmund
  1858 | D:3      | Killed Sigmund
  1859 | D:3      | Reached skill level 4 in Stealth
  1859 | D:3      | Reached XP level 5. HP: 41/44 MP: 7/7
  1933 | D:3      | Reached XP level 6. HP: 50/50 MP: 8/8
  1939 | D:3      | Reached ** piety under Jiyva
  2346 | D:4      | Found a staircase to the Ecumenical Temple.
  2359 | D:4      | Noticed Robin
  2667 | D:3      | Killed Robin
  2797 | D:4      | Reached skill level 5 in Stealth
  2811 | D:3      | Learned a level 2 spell: Blink
  2813 | D:3      | Learned a level 1 spell: Apportation
  2947 | D:4      | Gained mutation: You regenerate magic and health when
                  | rolling toward enemies. (Rampage Regen) [Armataur growth]
  2947 | D:4      | Reached XP level 7. HP: 57/57 MP: 9/9
  2966 | Temple   | Entered the Ecumenical Temple
  3014 | D:4      | Reached *** piety under Jiyva
  3154 | D:4      | Gained mutation: You are covered in slimy tendrils that may
                  | disarm your opponents. [Jiyva's grace]
  3154 | D:4      | Gained mutation: You expend magic power (3 MP) to
                  | strengthen your wands. [Jiyva's grace]
  3154 | D:4      | Gained mutation: You have sharp fingernails. [Jiyva's
                  | grace]
  3154 | D:4      | Gained mutation: You have very sharp fingernails. [Jiyva's
                  | grace]
  3245 | D:5      | Entered Level 5 of the Dungeon
  3406 | D:5      | Reached skill level 5 in Short Blades
  3406 | D:5      | Reached skill level 6 in Stealth
  3953 | D:6      | Noticed a two-headed ogre
  3954 | D:6      | Reached **** piety under Jiyva
  3962 | D:6      | Killed a two-headed ogre
  3963 | D:6      | Reached skill level 7 in Stealth
  3963 | D:6      | Reached XP level 8. HP: 21/67 MP: 10/10
  4246 | D:6      | Reached skill level 8 in Stealth
  4891 | D:7      | Reached skill level 5 in Fighting
  4900 | D:7      | Reached XP level 9. HP: 74/74 MP: 11/11
  5065 | D:7      | Reached skill level 9 in Stealth
  5094 | D:7      | Noticed Maurice
  5098 | D:7      | Maurice stole a +4 vampiric dagger
  5099 | D:7      | Maurice stole 3 javelins
  5100 | D:7      | Maurice stole 117 gold
  5106 | D:7      | Killed Maurice
  5207 | D:8      | Gained mutation: You have large cloven feet. [Jiyva's
                  | grace]
  5207 | D:8      | Gained mutation: You have hoof-like feet. [Jiyva's grace]
  5207 | D:8      | Gained mutation: You have hooves in place of feet. [Jiyva's
                  | grace]
  5207 | D:8      | Gained mutation: Your tail ends in a venomous barb.
                  | [Jiyva's grace]
  5316 | D:8      | Noticed Grum
  5321 | D:8      | Reached skill level 10 in Stealth
  5323 | D:8      | Found an iron altar of Okawaru.
  5328 | D:8      | Killed Grum
  5795 | D:9      | Noticed a gargoyle
  5878 | D:9      | Noticed a boulder beetle
  5883 | D:9      | Noticed an ice dragon
  5996 | D:9      | Reached XP level 10. HP: 83/83 MP: 12/12
  5997 | D:9      | Identified the +7 hand axe "Xuryviqu" {heavy, rF- rN+
                  | rCorr}
  6014 | D:9      | Reached skill level 11 in Stealth
  6108 | D:9      | Identified the +3 dagger "Vimnech" {drain, rC+ Int+4}
  6245 | D:9      | Killed a gargoyle
  6525 | D:9      | Reached skill level 12 in Stealth
  6712 | D:10     | Entered Level 10 of the Dungeon
  6712 | D:10     | Reached ***** piety under Jiyva
  6771 | D:9      | Killed a boulder beetle
  6772 | D:9      | Reached skill level 10 in Short Blades
  6913 | D:9      | Lost mutation: You have hooves in place of feet. [potion of
                  | mutation]
  6913 | D:9      | Lost mutation: You have very sharp fingernails. [potion of
                  | mutation]
  6913 | D:9      | Lost mutation: You have sharp fingernails. [potion of
                  | mutation]
  6913 | D:9      | Gained mutation: You occasionally shout uncontrollably at
                  | your foes. [potion of mutation]
  6913 | D:9      | Gained mutation: You possess an exceptional clarity of
                  | mind. [potion of mutation]
  6919 | D:9      | Slimified an ice dragon
  6919 | D:9      | an ice dragon changed into a slime creature
  7222 | D:10     | Found a staircase to the Lair.
  7222 | D:10     | Noticed an elephant
  7241 | D:10     | Killed an elephant
  7242 | D:10     | Reached XP level 11. HP: 69/92 MP: 13/13
  7344 | D:10     | Reached skill level 13 in Stealth
  7356 | D:10     | Lost mutation: You have hoof-like feet. [Jiyva's grace]
  7356 | D:10     | Lost mutation: You are covered in slimy tendrils that may
                  | disarm your opponents. [Jiyva's grace]
  7356 | D:10     | Gained mutation: Your body has grown eyes which may confuse
                  | attackers. (Acc +3) [Jiyva's grace]
  7356 | D:10     | Gained mutation: Your body has grown many eyes which may
                  | confuse attackers. (Acc +5) [Jiyva's grace]
  7356 | D:10     | Gained mutation: Your body is covered in eyes which may
                  | confuse attackers. (Acc +7, SInv) [Jiyva's grace]
  7356 | D:10     | Gained mutation: Your tail ends in a sharp venomous barb.
                  | [Jiyva's grace]
  7363 | D:10     | Noticed a two-headed ogre
  7391 | D:10     | Killed a two-headed ogre
  7641 | D:11     | Noticed Josephine
  7644 | D:11     | Killed Josephine
  7734 | D:11     | Noticed a two-headed ogre
  7742 | D:11     | Killed a two-headed ogre
  7826 | D:11     | Reached skill level 14 in Stealth
  7982 | D:11     | Noticed a green ugly thing
  7985 | D:11     | Killed a green ugly thing
  8401 | D:12     | Noticed a boulder beetle
  8405 | D:12     | Killed a boulder beetle
  8445 | D:12     | Found a staircase to the Orcish Mines.
  8663 | D:12     | Reached XP level 12. HP: 100/102 MP: 14/14
  8725 | D:12     | Found a runed translucent door.
  8834 | D:12     | Noticed Urug
  8839 | D:12     | Killed Urug
  8855 | D:12     | Found a runed translucent door.
  8871 | D:12     | Noticed a seven-headed hydra
  8871 | D:12     | Noticed a sphinx
  8873 | D:12     | Found a runed translucent door.
  8911 | D:12     | Killed a seven-headed hydra
  8912 | D:12     | Reached skill level 15 in Stealth
  8941 | D:12     | Killed from afar by a sphinx

Illustrated notes

Levels and vault maps discovered:
D:1:      lightli_arrival_chessboard, layout_basic, minmay_domino_2
D:2:      layout_rooms, serial_shops, nicolae_lakefront_shop, basic_altar
D:3:      layout_rooms, ebering_ecumenical_altar_webs,
          ebering_dispersal_statue_hall, nicolae_eternal_life,
          minmay_misc_feat_more_columns, st_stairs_8, hellmonk_no_cap,
          uniq_sigmund
D:4:      layout_basic, minmay_temple_entry_sparse_star, uniq_robin
D:5:      layout_loops_ring
D:6:      layout_cave_pools, minmay_misc_feat_four_crosses
D:7:      layout_basic, uniq_maurice
D:8:      layout_basic, kennysheep_okawaru_gauntlet,
          nicolae_figureground_sparkle, uniq_grum
D:9:      nzn_winding_woodlands_cross [nzn_winding_woodlands_5x15_sawtooth,
          nzn_winding_woodlands_5x15_zeroes, nzn_winding_woodlands_5x15_cabin,
          nzn_winding_woodlands_5x15_jagged,
          nzn_winding_woodlands_15x15_eel_pit], layout_loops_cross
D:10:     layout_rooms, grunt_lair_entry_orc_guard_hut
D:11:     minmay_inner_zag, layout_loops_ring, uniq_josephine
D:12:     minmay_expanding_circles, layout_rooms, erik_orc_4,
          nicolae_danse_macabre, uniq_urug
Temple:   compressed_dpeg_triangle_lava_temple

Skill      XL: |  1  2  3  4  5  6  7  8  9 10 11 12 |
---------------+-------------------------------------+-----
Short Blades   | 2 3 4 6 7 8 10 11 | 11.6
Stealth        | 1 2 4 5 7 8 10 12 14 15 | 15.1
Fighting       | 2 3 4 5 6 7 8 |  8.6
Armour         | 2 4 |  4.2
Dodging        | 2 3 |  3.0
Throwing       | |  0.8
Spellcasting   | |  1.7
Translocations | |  3.0

Action                     |  1- 3 |  4- 6 |  7- 9 | 10-12 || total
---------------------------+-------+-------+-------+-------++-------
  Melee: Short sword       |    85 |       |       |       ||    85
         Tailslap          |    11 |     7 |    24 |   106 ||   148
         Dagger            |    20 |       |       |   419 ||   439
         Long sword        |    23 |   120 |   195 |    83 ||   421
         Unarmed           |       |     8 |       |       ||     8
         Kick              |       |       |    15 |   207 ||   222
  Throw: Dart              |       |       |     1 |       ||     1
 Invoke: Oozemancy         |       |       |     5 |     3 ||     8
         Slimify           |       |       |       |     1 ||     1
  Evoke: Wand              |       |       |     1 |       ||     1
    Use: Scroll            |     1 |     1 |     8 |     8 ||    18
         Potion            |       |       |     3 |     6 ||     9
   Stab: Distracted        |       |     1 |       |     2 ||     3
         Sleeping          |       |     1 |    12 |    14 ||    27
         Confused          |       |       |       |     8 ||     8
 Armour: Leather armour    |    82 |   128 |   230 |   212 ||   652
         Skin              |       |     4 |       |       ||     4
         Troll leather arm |       |       |       |   114 ||   114
  Dodge: Dodged            |    39 |    84 |    95 |   125 ||   343

Table legend: (Time is in decaauts)
 A = Elapsed time spent in this place.
 B = Non-inter-level travel time spent in this place.
 C = Inter-level travel time spent in this place.
 D = Time resting spent in this place.
 E = Time spent auto-exploring this place.
 F = Levels seen in this place.
 G = Mean time per level.
                   A        B        C        D        E       F      G
               +--------+--------+--------+--------+--------+-----+--------+
         Total |   8814 |   8217 |    597 |    627 |   5474 |  13 |  678.0 |
       Dungeon |   8812 |   8215 |    597 |    627 |   5474 |  12 |  734.3 |
        Temple |      1 |      1 |      0 |      0 |      0 |   1 |    1.0 |
               +--------+--------+--------+--------+--------+-----+--------+

Top non-repeatable levels by time:
     D:9: 1127 daAuts
     D:1: 996 daAuts
     D:3: 951 daAuts
     D:2: 861 daAuts
    D:11: 799 daAuts
     D:6: 790 daAuts
     D:5: 738 daAuts
     D:8: 642 daAuts
    D:10: 528 daAuts
     D:4: 473 daAuts
     D:7: 458 daAuts
    D:12: 444 daAuts
  Temple: 1 daAuts
